 Dungeon Crawl Stone Soup version 0.28.0-53-g5a82cb258f (webtiles) character file.

Game seed: 13522149263691577323

140 issech the Chopper (level 5, 0/47 HPs)
             Began as a Minotaur Monk on June 7, 2022.
             Slain by an orc wizard
             ... wielding a +0 dagger
              (3 damage)
             ... on level 3 of the Dungeon.
             The game lasted 00:04:13 (2523 turns).

issech the Chopper (Minotaur Monk)                  Turns: 2523, Time: 00:04:13

Health: 0/47       AC: 10    Str: 16    XL:     5   Next: 2%
Magic:  4/4        EV:  5    Int:  7    God:
Gold:   95         SH:  0    Dex: 14    Spells: 4/4 levels left

rFire   . . .      SeeInvis .   a - +0 hand axe
rCold   . . .      Faith    .   (no shield)
rNeg    . . .      Spirit   .   j - +0 plate armour
rPois   .          Reflect  .   (helmet restricted)
rElec   .          Harm     .   (no cloak)
rCorr   .          Rampage  .   (no gloves)
Will    .....                   (no boots)
Stlth   ..........              (no amulet)
HPRegen 0.15/turn               k - ring of flight
MPRegen 0.09/turn               (no ring)

@: flying
A: horns 2, retaliatory headbutt
a: no special abilities


You were on level 3 of the Dungeon.
You visited 1 branch of the dungeon, and saw 3 of its levels.

You collected 95 gold pieces.

Inventory:

Hand Weapons
 a - a +0 hand axe (weapon)
 i - a +0 hunting sling
Missiles
 f - 39 sling bullets
 g - 3 javelins (quivered)
 h - 108 stones
 l - 12 poisoned darts
 n - 2 atropa-tipped darts
Armour
 b - a +0 robe
 d - a +0 leather armour
 j - a +0 plate armour (worn)
Jewellery
 k - a ring of flight (left hand)
Scrolls
 c - 2 scrolls of teleportation {unknown}
Potions
 e - a potion of attraction {unknown}
 m - 2 potions of curing {unknown}
 o - a potion of lignification {unknown}


   Skills:
 + Level 4.6 Fighting
 + Level 4.8 Axes
 + Level 2.1 Armour
 + Level 4.0 Dodging
 + Level 2.0 Stealth


You had 4 spell levels left.
You didn't know any spells.
Your spell library was empty.

Dungeon Overview and Level Annotations

Branches:
Dungeon (3/15)

Altars:

Annotations:
D:3 1 runed translucent door, Crazy Yiuf


Innate Abilities, Weirdness & Mutations

You have a pair of horns on your head.
You reflexively headbutt those who attack you in melee.


Message History

Something hits you.
You closely miss the orc priest. You closely miss something.
The orc priest hits you but does no damage.
Something hits you but does no damage.
A worm comes into view.
You hit the orc priest.
The orc priest is lightly wounded.
You miss something.
The orc priest calls down the wrath of Beogh upon you.
Beogh smites you!
* * * LOW HITPOINT WARNING * * *
Something hits you but does no damage.
You barely miss the orc priest. Your headbutt misses the orc priest.
The orc priest is lightly wounded.
You miss something.
The orc priest hits you but does no damage.
Something hits you.
* * * LOW HITPOINT WARNING * * *
You slash the orc priest!
The orc priest is severely wounded.
You barely miss something. The orc priest closely misses you.
You furiously retaliate!
You headbutt the orc priest. Something hits you but does no damage.
You hit the orc priest.
You kill the orc priest!
You hit something. Something hits you.
* * * LOW HITPOINT WARNING * * *
Your Armour skill increases to level 2!
You have reached level 5!
You miss something. Your headbutt misses something.
You hear some strange, mumbled words.
A magic dart appears from out of thin air!
The magic dart hits you but does no damage.
You closely miss something. You headbutt something. You hit the worm.
Something hits you but does no damage.
You miss something. Your headbutt misses something.
Your punch misses something. You hit the worm. x2
Something hits you but does no damage. The worm bites you but does no damage.
Something hits you.
You die...

... . ..... ###.#. ....
#..# # . #..# .###..
##..###......
########....ww.w....
............@{#...#
#######....)..# #
#.......# #.......#
###.#.......
#[..#.####### #.#
###...#.# ####..#####.#
#.....#.. .........##.#
#.....######........##.#


You could see 3 worms.

Vanquished Creatures
  An orc priest (D:3)
  An iguana (D:3)
  An orc wizard (D:3)
  4 adders
  A dart slug (D:2)
  An orc (D:3)
  5 endoplasms
  2 giant cockroaches
  3 goblins
  5 hobgoblins
  2 quokkas
  2 ball pythons (D:1)
  3 bats (D:3)
  3 frilled lizards
  3 kobolds
  6 rats
43 creatures vanquished.

Vanquished Creatures (others)
  4 toadstools (D:1)
4 creatures vanquished.

Grand Total: 47 creatures vanquished

Notes
Turn   | Place    | Note
-------+----------+-------------------------------------------
     0 | D:1      | issech the Minotaur Monk began the quest for the Orb.
     0 | D:1      | Reached XP level 1. HP: 19/19 MP: 0/0
   433 | D:1      | Found a faded altar of an unknown god.
   585 | D:1      | Reached XP level 2. HP: 25/27 MP: 1/1
  1224 | D:2      | Reached XP level 3. HP: 33/33 MP: 2/2
  2021 | D:3      | Found a runed translucent door.
  2022 | D:3      | Noticed Crazy Yiuf
  2119 | D:3      | Reached skill level 1 in Armour
  2326 | D:3      | Reached XP level 4. HP: 41/41 MP: 3/3
  2520 | D:3      | HP: 2/41 [something (4)]
  2521 | D:3      | Reached XP level 5. HP: 2/47 MP: 4/4
  2523 | D:3      | Slain by an orc wizard

Illustrated notes

Levels and vault maps discovered:
D:1:      ldierk_walled_garden_2, layout_basic,
          hellmonk_ecumenical_altar_pennies_from_heaven
D:2:      layout_loops_ring
D:3:      layout_basic, nicolae_wormholes, uniq_crazy_yiuf_cottage

Skill      XL: |  1  2  3  4 |
---------------+-------------+-----
Axes           | 4 |  4.8
Fighting       | 4 |  4.6
Stealth        | 2 |  2.0
Armour         | 1 2 |  2.1
Dodging        | 4 |  4.0

Action                   |  1- 3 |  4- 6 || total
-------------------------+-------+-------++-------
Melee: Hand axe          |    76 |    25 ||   101
       Headbutt          |    18 |     4 ||    22
Throw: Javelin           |     1 |       ||     1
Armor: Plate armour      |    60 |    24 ||    84
Dodge: Dodged            |    32 |     7 ||    39
